 Dungeon Crawl Stone Soup version 0.30.1-11-g7821555f0a (webtiles) character file.

Game seed: 589789192954134871

41 KittyFluff the Trooper (level 3, -5/34 HPs)
             Began as a Gargoyle Berserker on Nov 10, 2023.
             Was a Follower of Trog.
             Slain by Terence
             ... wielding a +0 hand axe
              (11 damage)
             ... on level 2 of the Dungeon.
             The game lasted 00:03:49 (974 turns).

KittyFluff the Trooper (Gargoyle Berserker)          Turns: 974, Time: 00:03:50

Health: -5/34      AC:  5    Str: 22    XL:     3   Next: 52%
Magic:  3/3        EV: 12    Int:  7    God:    Trog [*.....]
Gold:   60         SH:  0    Dex:  9    Spells: 2/2 levels left

rFire   . . .        a - +0 mace
rCold   . . .        (no shield)
rNeg    + . .        b - +0 animal skin
rPois   ∞            (no helmet)
rElec   +            (no cloak)
rCorr   .            (no gloves)
SInv    .            (no boots)
Will    .....        (no amulet) Stlth
                     (no ring)
HPRegen 0.25/turn    (no ring)
MPRegen 0.08/turn

%: no passive effects
@: berserking, very quick
A: sickness immunity, AC +3, negative energy resistance 1, electricity
resistance, torment resistance 1, petrification resistance
a: Renounce Religion, Berserk


You were on level 2 of the Dungeon.
You worshipped Trog.
Trog was aware of your devotion.
You visited 1 branch of the dungeon, and saw 2 of its levels.

You collected 60 gold pieces.

Inventory:

Hand Weapons
 a - a +0 mace (weapon)
Armour
 b - a +0 animal skin (worn)
Scrolls
 d - 4 scrolls of identify {unknown}
 f - a scroll of acquirement {unknown}
 g - a scroll of blinking {unknown}
 i - a scroll of teleportation {unknown}
 j - a scroll of immolation {unknown}
Potions
 c - a potion of brilliance {unknown}
 e - a potion of heal wounds {unknown}
 h - a potion of cancellation {unknown}


   Skills:
 + Level 3.4 Fighting
 * Level 3.4 Maces & Flails
 * Level 2.9 Armour
 + Level 1.8 Dodging
 + Level 1.2 Stealth


You had 2 spell levels left.
You didn't know any spells.
Your spell library was empty.

Dungeon Overview and Level Annotations

Branches:
Dungeon (2/15)

Altars:

Shops:
D:1 [

Annotations:
D:1 1 transporter
D:2 Terence


Innate Abilities, Weirdness & Mutations

You are immune to sickness and miasma.
Your stone body is resilient. (AC +3)
You are immune to poison.
You resist negative energy. (rN+)
You are resistant to electric shocks. (rElec)
You are resistant to unholy torment.
You are immune to petrification.


Message History

The adder is heavily wounded.
The adder bites you.
You closely miss the adder.
The adder is heavily wounded.
The adder closely misses you.
Terence shouts, "ATTACK!!!"
The adder completely misses you.
You hit the adder.
You kill the adder!
Trog accepts your kill. Terence hits you with a +0 hand axe.
You barely miss Terence. Terence closely misses you.
You hit Terence but do no damage. Terence closely misses you.
You hit Terence but do no damage.
Terence drinks a potion.
Terence goes berserk!
You barely miss Terence. Terence barely misses you.
Terence hits you with a +0 hand axe!
* * * LOW HITPOINT WARNING * * *
You closely miss Terence. Terence barely misses you. x2
A red film seems to cover your vision as you go berserk!
You feel yourself moving faster!
You feel mighty! Terence hits you with a +0 hand axe.
* * * LOW HITPOINT WARNING * * *
You sock Terence!
Terence is moderately wounded.
Terence closely misses you. Terence barely misses you.
You closely miss Terence.
Terence is moderately wounded.
Terence closely misses you.
You sock Terence!
Terence is severely wounded.
Terence hits you with a +0 hand axe.
* * * LOW HITPOINT WARNING * * *
You hit Terence but do no damage.
Terence is severely wounded.
Terence closely misses you.
You barely miss Terence.
Terence is severely wounded.
Terence hits you with a +0 hand axe!
You die...

#.... ##..######
####.........
#..†.........
#.##.........
#.###.####### #†#
#.# #.# #@# #.#
#@# #.# #.#
#[.....# #.# #.#
#####...# #.# #.#
.. #.# #.# #.# ...
#.#.# #.# #.# #.#
#.#.# #.# #>#
##.## #.#.#### #.#
#.###...###.#.....
#.#
#.##.........†.###


You could see Terence (berserk).

Vanquished Creatures
  An adder (D:2)
  A worm (D:2)
  A dart slug (D:2)
  2 ball pythons
  2 giant cockroaches (D:1)
  A goblin (D:1)
  5 hobgoblins
  2 kobolds (D:1)
  2 quokkas (D:1)
  5 bats
  2 rats (D:2)
24 creatures vanquished.

Notes
Turn   | Place    | Note
-------+----------+-------------------------------------------
     0 | D:1      | KittyFluff the Gargoyle Berserker began the quest for the
                  | Orb.
     0 | D:1      | Reached XP level 1. HP: 14/14 MP: 1/1
    76 | D:1      | Found Byisixko's Antique Armour Emporium.
   174 | D:1      | Reached XP level 2. HP: 19/19 MP: 2/2
   631 | D:2      | Reached XP level 3. HP: 21/23 MP: 3/3
   811 | D:2      | Reached skill level 1 in Stealth
   946 | D:2      | Noticed Terence
   974 | D:2      | Slain by Terence

Illustrated notes

Levels and vault maps discovered:
D:1:      spicycebolla_arrival_risky_transporter, layout_rooms, serial_shops,
          shop
D:2:      layout_loops_ring, minmay_misc_feat_pillars, uniq_terence

Skill      XL: |  1  2  3 |
---------------+----------+-----
Stealth        | 1 |  1.2
Fighting       | |  3.4
Maces & Flails | |  3.4
Armour         | |  2.9
Dodging        | |  1.8

Action                     || total
---------------------------++-------
  Melee: Mace              ||   107
 Invoke: Berserk           ||     1
   Stab: Sleeping          ||     1
 Armour: Animal skin       ||    43
  Dodge: Dodged            ||    88
